 Dungeon Crawl Stone Soup version 0.24.1-14-gf8d2b509d9 (webtiles) character file.

Game seed: 17555064065430820799, levelgen mode: deterministic

35 Blejac999 the Caller (level 3, 0/16 HPs)
             Began as a Spriggan Summoner on May 30, 2020.
             Succumbed to an adder's poison
             ... on level 2 of the Dungeon.
             The game lasted 00:06:17 (1887 turns).

Blejac999 the Caller (Spriggan Summoner)            Turns: 1887, Time: 00:06:18

Health: 0/16       AC:  2    Str:  1 (4)  XL:     3   Next: 16%
Magic:  1/8        EV: 17    Int: 16 (17) God:
Gold:   77         SH:  5    Dex: 15 (16) Spells: 2/8 levels left

rFire    . . .     SeeInvis +   (weapon restricted)
rCold    . . .     Gourm    .   b - +0 buckler
rNeg     . . .     Faith    .   a - +0 robe
rPois    .         Spirit   .   (helmet restricted)
rElec    .         Reflect  .   (no cloak)
rCorr    .         Harm     .   (gloves unavailable)
MR       .....                  (boots unavailable)
Stlth    ++........             (no amulet)
HPRegen  0.05/turn              (no ring)
MPRegen  0.11/turn              (no ring)

@: lethally poisoned (0 -> -6), very slightly contaminated, very quick
A: very small, unfitting armour, see invisible, herbivore, speed 3, slow
metabolism 2
a: no special abilities


You were on level 2 of the Dungeon.
You were not hungry.

You visited 1 branch of the dungeon, and saw 2 of its levels.

You collected 77 gold pieces.

Inventory:

Armour
 a - a +0 robe (worn)
 b - a +0 buckler (worn)
Wands
 e - a wand of clouds (4)
Comestibles
 c - a ration


   Skills:
 + Level 3.2 Dodging
 + Level 3.3 Stealth
 + Level 3.0 Spellcasting
 + Level 3.9 Summonings


You had 2 spell levels left.
You knew the following spells:

 Your Spells              Type           Power        Failure   Level  Hunger
a - Summon Small Mammal   Summ           ###.         6%          1    #......
b - Call Imp              Summ           ###.....     10%         2    ##.....
c - Summon Guardian Gole  Hex/Summ       #.......     38%         3    ###....

Your spell library contained the following spells:

 Spells                   Type           Power        Failure   Level  Hunger
 Call Canine Familiar     Summ           ###.....     19%         3    ###....
 Summon Ice Beast         Ice/Summ       #.......     80%         4    #####..
 Summon Lightning Spire   Summ/Air       #.......     80%         4    #####..


Dungeon Overview and Level Annotations

Branches:
Dungeon (2/15)

Altars:
Okawaru


Innate Abilities, Weirdness & Mutations

You are very small and have problems with some larger weapons.
You are too small for most types of armour.
You have supernaturally acute eyesight. (SInv)
You are a herbivore.
You cover ground extremely quickly.
You need to consume almost no food.


Message History

Orders for allies: a - Attack new target. p - Attack previous target. r - Retreat! s - Stop attacking. g - Guard the area. f - Follow me.
Anything else - Cancel.
Gang up on whom?
Press: ? - help, Dir - move target cursor, f/p - adder
Aim: an adder (moderately wounded) Attack!
The adder bites you.
* * * LOW HITPOINT WARNING * * *
You are lethally poisoned!
The adder poisons you!
* * * LOW HITPOINT WARNING * * *
You feel sick.
You aren't carrying any potions.
* * * LOW HITPOINT WARNING * * *
You feel sick.
As you read the scroll of fog, it crumbles to dust.
The scroll dissolves into smoke.
You die...

.....###.########.............
#(.....#.#... #....####'####+#
#......#.#.## #...### ...
#...........#.#.r...# .....
#......#.#.>#.#...#.# .......
#...........#.#.S.#.# ........
#...##.#.##.#.#...# # #####..
#......#.##.#.#§§§# #.....
#........##.#.#§@§#.#####...#
#.#.....(...#.#§§§§(....+...+ .
..####.####.#§#§#########...# ..
......†# #.#...........#...# ...
.......#####^..............##....
.............................# #
......######...............#.####
...... #.....................
...... #..............#.♣.♣.#


You could see an adder and a friendly rat.

Vanquished Creatures
  A leopard gecko (D:1)
  A rat (D:1)
2 creatures vanquished.

Vanquished Creatures (collateral kills)
  2 adders (D:2)
  A dart slug (D:2)
  4 leopard geckos (D:1)
  6 goblins (D:1)
  2 hobgoblins
  4 kobolds (D:1)
  5 bats (D:1)
  A frilled lizard (D:1)
  4 rats
29 creatures vanquished.

Grand Total: 31 creatures vanquished

Notes
Turn   | Place    | Note
-------+----------+-------------------------------------------
     0 | D:1      | Blejac999 the Spriggan Summoner began the quest for the
                  | Orb.
     0 | D:1      | Reached XP level 1. HP: 9/9 MP: 5/5
   406 | D:1      | Reached XP level 2. HP: 12/13 MP: 3/6
  1309 | D:2      | Found an iron altar of Okawaru.
  1674 | D:2      | Learned a level 2 spell: Call Imp
  1739 | D:2      | Reached XP level 3. HP: 16/16 MP: 4/8
  1797 | D:2      | Learned a level 3 spell: Summon Guardian Golem
  1887 | D:2      | Succumbed to an adder's poison

Levels and vault maps discovered:
D:1:      nicolae_arrival_memento_mori, layout_loops_ring
D:2:      layout_basic, okawaru_trees_1

Skill      XL: |  1  2 |
---------------+-------+-----
Spellcasting   | 3 |  3.0
Dodging        | |  3.2
Stealth        | |  3.3
Summonings     | |  3.9

Action                   || total
-------------------------++-------
Melee: Unarmed           ||    46
 Cast: Summon Small Mamm ||    61
       Call Imp          ||     2
  Use: Scroll            ||     6
       Potion            ||     3
 Stab: Distracted        ||     1
Armor: Robe              ||     3
Dodge: Dodged            ||    44
Block: Buckler           ||    13
